[Event "Team 45 45 League T51"]
[Site "Internet Chess Club"]
[Date "2011.12.15"]
[Round "6"]
[White "KidRattler"]
[Black "Aquaman"]
[Result "1-0"]
[WhiteElo "1347"]
[BlackElo "1236"]
[Opening "Queen's pawn game"]
[ECO "A45"]
[Time "14:29:40"]
[TimeControl "2700+45"]

1. d4 Nf6 2. Nc3 d6 3. Nf3 Nbd7 4. Bf4 c6 5. e3 Qa5 6. Bc4 Ne4 7. Qd3 Nxc3 8.
Qxc3 Qxc3+ 9. bxc3 d5 10. Bb3 Nf6 11. O-O Ne4 12. c4 e6 13. cxd5 exd5 14. c4
dxc4 15. Bxc4 Bd6 16. Ng5 Be7 17. Nxe4 O-O 18. Bd6 Re8 19. Bxe7 Rxe7 20. Nd6 Bg4
21. Rab1 b5 22. Bd3 Be6 23. a3 g6 24. Ne4 Kg7 25. Nc5 Bc8 26. a4 a6 27. a5 Rb8
28. Rfc1 f5 29. g3 h6 30. Re1 Rf7 31. e4 fxe4 32. Bxe4 Rc7 33. Bg2 Kf7 34. Ne4
Be6 35. Nc5 Bc8 36. Rbc1 b4 37. d5 cxd5 38. Bxd5+ Kg7 39. Be6 Rb5 40. Bxc8 Rcxc5
41. Rxc5 Rxc5 42. Bxa6 Rxa5 43. Bc4 Ra7 44. Rd1 h5 45. Bb5 Kf6 46. Kg2 b3 47.
Rb1 Ra3 48. Bc4 g5 49. Rxb3 Rxb3 50. Bxb3 Ke5 51. Bf7 h4 52. gxh4 gxh4 53. Kh3
Kf6 54. Kxh4 Kxf7 55. Kg5 Kg7 56. f4 Kg8 57. h4 Kg7 58. h5 Kg8 59. f5 Kg7 60.
f6+ Kg8 61. Kg6 Kh8 62. Kf7 Kh7 63. Ke8 Kg8 64. f7+ {Black resigns} 1-0

[Event "Team 45 45 League T51"]
[Site "Internet Chess Club"]
[Date "2011.12.18"]
[Round "6"]
[White "Docvan"]
[Black "kjs110"]
[Result "1-0"]
[WhiteElo "1219"]
[BlackElo "987"]
[Opening "King's gambit"]
[ECO "C30"]
[Time "21:00:14"]
[TimeControl "2700+45"]

1. e4 e5 2. f4 d6 3. Nf3 Nf6 4. Nc3 exf4 5. Bc4 Be6 6. Bxe6 fxe6 7. d4 e5 8.
dxe5 dxe5 9. Qxd8+ Kxd8 10. Nxe5 Ke8 11. Bxf4 Bd6 12. Nb5 Nxe4 13. Rf1 c6 14.
Nd4 Nd7 15. Nxd7 Kxd7 16. Bxd6 Nxd6 17. O-O-O Nc4 18. Nf5+ Ke6 19. Nxg7+ Ke5 20.
Rf5+ Ke4 21. Re1+ Ne3 22. Rf7 b5 23. Re7+ Kd4 24. R7xe3 Rhg8 25. Ne6+ {Black
resigns} 1-0

[Event "Team 45 45 League T51"]
[Site "Internet Chess Club"]
[Date "2011.12.16"]
[Round "6"]
[White "room-matt"]
[Black "LazyPeon"]
[Result "1-0"]
[WhiteElo "1750"]
[BlackElo "1777"]
[Opening "Bishop's opening: Berlin defense"]
[ECO "C24"]
[Time "14:31:54"]
[TimeControl "2700+45"]

1. e4 e5 2. Bc4 Nf6 3. d3 Nc6 4. Nc3 Na5 5. Qf3 Nxc4 6. dxc4 h6 7. Nge2 Be7 8.
Be3 d6 9. h3 O-O 10. O-O-O Bd7 11. Ng3 Re8 12. Nf5 Bf8 13. g4 a6 14. g5 hxg5 15.
Bxg5 b5 16. Nh6+ gxh6 17. Bxf6 Qc8 18. Rhg1+ Kh7 19. Qg3 {Black resigns} 1-0

[Event "Team 45 45 League T51"]
[Site "Internet Chess Club"]
[Date "2011.12.17"]
[Round "6"]
[White "ticopatzer"]
[Black "chrisgianno"]
[Result "1-0"]
[WhiteElo "1704"]
[BlackElo "1544"]
[Opening "Dutch with c4 & g3"]
[ECO "A86"]
[Time "12:11:07"]
[TimeControl "2700+45"]

1. d4 f5 2. c4 Nf6 3. g3 d5 4. cxd5 Nxd5 5. Bg2 Nc6 6. e3 Be6 7. Nc3 Qd7 8. Nge2
O-O-O 9. O-O g5 10. a3 h5 11. Na4 Bf7 12. Nc5 Qe8 13. Qb3 b6 14. Na6 Nf4 15. Qc2
Nxg2 16. Kxg2 Bd5+ 17. Kg1 e6 18. b4 Bd6 19. b5 Ne7 20. a4 h4 21. Ba3 hxg3 22.
Bxd6 gxh2+ 23. Bxh2 c6 24. f3 Qh5 25. Rf2 g4 26. Nf4 Qg5 27. Nxd5 gxf3+ 28. Kh1
exd5 29. Rxf3 Rd6 30. Qg2 Rxh2+ 31. Qxh2 Rh6 32. Rh3 Rf6 33. Qc7# {Black
checkmated} 1-0

[Event "Team 45 45 League T51"]
[Site "Internet Chess Club"]
[Date "2011.12.18"]
[Round "6"]
[White "beitmery"]
[Black "vigneshv"]
[Result "1-0"]
[WhiteElo "1630"]
[BlackElo "1562"]
[Opening "English: Anglo-Grünfeld, Czech defense"]
[ECO "A15"]
[Time "16:01:17"]
[TimeControl "2700+45"]

1. c4 Nf6 2. g3 g6 3. Bg2 d5 4. cxd5 Nxd5 5. Nc3 Nb6 6. d4 Bg7 7. Nf3 Nc6 8. d5
Bxc3+ 9. bxc3 Qxd5 10. Qc2 Bf5 11. Qb3 Be4 12. O-O O-O-O 13. Bb2 Rhf8 14. Rfd1
Qxb3 15. axb3 Rxd1+ 16. Rxd1 Rd8 17. Bh3+ e6 18. Rxd8+ Kxd8 19. Ng5 Bc2 20.
Nxf7+ Ke8 21. Ng5 Bxb3 22. Nxe6 Bxe6 23. Bxe6 Na4 24. Ba1 Ke7 25. Bd5 Kd6 26. c4
Nb6 27. e4 Kc5 28. Bg8 h6 29. Bg7 Nxc4 30. Bxh6 b5 31. f4 b4 32. Bf8+ Kd4 33.
Bg7+ Kd3 34. Bd5 N6a5 35. e5 b3 36. e6 Nd6 37. e7 Kc2 38. Bf7 b2 39. Bxg6+ Kc1
40. Bxb2+ Kxb2 41. e8=Q Nxe8 42. Bxe8 c5 43. f5 c4 44. f6 c3 45. Bg6 {Black
resigns} 1-0

[Event "Team 45 45 League T51"]
[Site "Internet Chess Club"]
[Date "2011.12.18"]
[Round "6"]
[White "realchess"]
[Black "bookseller"]
[Result "1/2-1/2"]
[WhiteElo "1636"]
[BlackElo "1544"]
[Opening "Scotch gambit"]
[ECO "C44"]
[Time "18:01:08"]
[TimeControl "2700+45"]

1. e4 e5 2. Nf3 Nc6 3. d4 exd4 4. Bc4 d6 5. Nxd4 Ne5 6. Bb3 Bd7 7. a3 Nf6 8. Nc3
Be7 9. O-O O-O 10. f3 c5 11. Nde2 c4 12. Ba4 Bxa4 13. Nxa4 d5 14. exd5 Nxd5 15.
Nec3 Nxc3 16. Nxc3 Bc5+ 17. Kh1 Qxd1 18. Rxd1 Rad8 19. Bf4 Nc6 20. Bc7 Rxd1+ 21.
Rxd1 Re8 22. Ne4 Bf8 23. Kg1 f5 24. Ng3 g6 25. Kf1 Bc5 26. Rd7 Nd4 27. Rd5 Ne6
28. Be5 Rd8 29. Rxd8+ Nxd8 30. Ke2 Nc6 31. Bc3 b5 32. b4 cxb3 33. cxb3 Bxa3 34.
Nf1 Kf7 35. Ne3 Ke6 36. Nc2 Bc5 37. b4 Bb6 38. Kd3 Kd6 39. Na3 a6 40. Bd2 Nd8
41. Bf4+ Kc6 42. Bd2 Nb7 43. Nc2 a5 44. bxa5 Bxa5 45. Nd4+ Kb6 46. Be3 Nc5+ 47.
Kc2 Ka6 48. Nxf5 gxf5 49. Bxc5 b4 50. Kb3 Kb5 51. Be7 Bc7 52. g3 h5 53. Bxb4 h4
54. Be1 Kc5 55. Bf2+ Kd5 56. Kc3 h3 57. Kd3 Bd6 58. Be3 Bxg3 59. Bg1 Bf4 60. Kc3
Bd6 61. Kd3 Ke5 62. Be3 Kd5 63. f4 Bb4 64. Bf2 Ba5 65. Ba7 Be1 66. Ke2 Bb4 67.
Kd3 Bc5 68. Bxc5 Kxc5 69. Kc3 Kd5 70. Kd3 Kc5 71. Ke3 Kd5 72. Kd3 Kc5 73. Ke3
Kd5 74. Kf3 Kd4 75. Kg3 Ke4 76. Kxh3 Kxf4 77. Kg2 Kg4 78. h3+ Kh4 79. Kh2 f4 80.
Kg2 f3+ 81. Kxf3 Kxh3 {Game drawn because neither player has mating material}
1/2-1/2

[Event "Team 45 45 League T51"]
[Site "Internet Chess Club"]
[Date "2011.12.18"]
[Round "6"]
[White "Ivio"]
[Black "pauliewoll"]
[Result "1-0"]
[WhiteElo "1733"]
[BlackElo "1626"]
[Opening "Trompowsky attack (Ruth, Opocenský opening)"]
[ECO "A45"]
[Time "12:00:48"]
[TimeControl "2700+45"]

1. d4 Nf6 2. Bg5 Ne4 3. Bh4 c5 4. c3 d5 5. Nd2 Nxd2 6. Qxd2 cxd4 7. cxd4 Nc6 8.
a3 g6 9. e3 Bg7 10. Nf3 O-O 11. Bd3 Be6 12. O-O Qd7 13. Rfe1 Rac8 14. h3 Bf5 15.
Rac1 Bxd3 16. Qxd3 e6 17. Bg3 Qe7 18. Rc2 e5 19. dxe5 Nxe5 20. Nxe5 Bxe5 21.
Bxe5 Qxe5 22. Rec1 Rxc2 23. Rxc2 Rd8 24. Rd2 Qc7 25. Rd1 Qc5 26. b4 Qc6 27. Qd4
b6 28. e4 Qa4 29. Rd3 Qc2 30. exd5 Qc1+ 31. Kh2 Qc7+ 32. d6 Qd7 33. Qf6 Re8 34.
Re3 Re6 35. Rxe6 fxe6 36. Qe7 Qxe7 37. dxe7 Kf7 38. Kg3 Kxe7 39. Kf4 Kd6 40. Ke4
Kc6 41. a4 b5 42. a5 Kd6 43. f4 h6 44. h4 a6 45. Kd4 {Black resigns} 1-0

[Event "Team 45 45 League T51"]
[Site "Internet Chess Club"]
[Date "2011.12.18"]
[Round "6"]
[White "Buford-Julep"]
[Black "Salvatore"]
[Result "1/2-1/2"]
[WhiteElo "1661"]
[BlackElo "1525"]
[Opening "Sicilian: accelerated fianchetto, Maróczy bind, 6.Be3"]
[ECO "B38"]
[Time "16:01:14"]
[TimeControl "2700+45"]

1. e4 c5 2. Nf3 g6 3. c4 Bg7 4. d4 cxd4 5. Nxd4 Nc6 6. Be3 a6 7. Nc3 e6 8. Be2
Nge7 9. O-O O-O 10. Qd2 b6 11. Nxc6 Nxc6 12. Rfd1 Bb7 13. Qxd7 Rb8 14. Qxd8
Rfxd8 15. Rxd8+ Rxd8 16. Bxb6 Rd2 {Game drawn by mutual agreement} 1/2-1/2

[Event "Team 45 45 League T51"]
[Site "Internet Chess Club"]
[Date "2011.12.19"]
[Round "6"]
[White "krysto"]
[Black "SirIvanhoe"]
[Result "1-0"]
[WhiteElo "1619"]
[BlackElo "1474"]
[Opening "QGD Slav: Dutch variation"]
[ECO "D18"]
[Time "21:00:15"]
[TimeControl "2700+45"]

1. d4 d5 2. c4 c6 3. Nf3 Nf6 4. Nc3 dxc4 5. a4 Bf5 6. e3 e6 7. Bxc4 Bb4 8. O-O
Nbd7 9. Bd3 Bxd3 10. Qxd3 Qa5 11. Qc2 O-O 12. e4 Qh5 13. e5 Nd5 14. Re1 a5 15.
Re4 N7b6 16. Nxd5 Nxd5 17. Rh4 Qg6 18. Qe2 Be7 19. Rh3 Qf5 20. Rg3 Rac8 21. Bh6
Nf4 22. Bxf4 Qxf4 23. h3 h5 24. Rd1 Bh4 25. Nxh4 Qxh4 26. Qd2 g6 27. Qxa5 Qd8
28. Qd2 Qd5 29. Qh6 Qe4 30. Qxh5 Qf4 31. Rg4 Qf5 32. Qh6 Qc2 33. Rc1 Qxb2 34.
Rh4 Qxc1+ 35. Qxc1 f5 36. Qh6 Kf7 37. Qh7+ Ke8 38. Qxg6+ Kd8 39. Qxe6 Kc7 40.
Rh7+ Kb8 41. Qd7 {Black resigns} 1-0

[Event "Team 45 45 League T51"]
[Site "Internet Chess Club"]
[Date "2011.12.15"]
[Round "6"]
[White "CKNIGHT3"]
[Black "milesotoole"]
[Result "0-1"]
[WhiteElo "1545"]
[BlackElo "1535"]
[Opening "Dutch with c4 & Nc3"]
[ECO "A85"]
[Time "22:05:38"]
[TimeControl "2700+45"]

1. d4 f5 2. c4 Nf6 3. Nc3 d6 4. Bf4 g6 5. e3 Bg7 6. Bd3 O-O 7. Nf3 Nbd7 8. O-O
Nh5 9. Ne2 Nxf4 10. Nxf4 Nf6 11. Ng5 Re8 12. Nge6 Bxe6 13. Nxe6 Qc8 14. d5 Nd7
15. Qc2 Nf8 16. Nxg7 Kxg7 17. Qc3+ Kg8 18. e4 f4 19. e5 Nd7 20. e6 Ne5 21. f3
Nxd3 22. Qxd3 c6 23. Rac1 Qb8 24. Qe4 Rf8 25. dxc6 bxc6 26. Qxc6 Qxb2 27. Qd7
Qd4+ 28. Kh1 Rfe8 29. Rfe1 Rad8 30. Qa4 Rb8 31. Re4 Qd2 32. Rd1 Qf2 33. Rxf4
Rec8 34. h3 Rb2 35. Rg1 Rcb8 36. Rf7 Rb1 37. Rxb1 Rxb1+ 38. Kh2 Qg1+ 39. Kg3
Qe1+ 40. Kg4 Qxe6+ 41. Kg5 h6+ 42. Kxh6 Qxf7 43. Qxa7 Qh7+ 44. Kg5 Qh5+ 45. Kf4
Qh4+ 46. Ke3 Qe1+ 47. Kf4 Qh4+ 48. Ke3 Qg5+ 49. Kd3 Rd1+ 50. Kc3 Qd2+ 51. Kb3
Rb1+ 52. Ka4 Qb4# {White checkmated} 0-1

[Event "Team 45 45 League T51"]
[Site "Internet Chess Club"]
[Date "2011.12.18"]
[Round "6"]
[White "MateIn42"]
[Black "Cicero"]
[Result "0-1"]
[WhiteElo "1363"]
[BlackElo "1332"]
[Opening "Sicilian: Hungarian variation"]
[ECO "B34"]
[Time "11:07:00"]
[TimeControl "2700+45"]

1. e4 c5 2. Nf3 g6 3. d4 cxd4 4. Nxd4 Nc6 5. Be3 Nf6 6. Nc3 Bg7 7. Nxc6 bxc6 8.
Bd3 d5 9. Bd4 O-O 10. O-O Qc7 11. e5 Ng4 12. f4 c5 13. Nxd5 Qd8 14. Nxe7+ Qxe7
15. h3 cxd4 16. hxg4 Qc5 17. Qf3 Rb8 18. Rab1 Bb7 19. Be4 Ba6 20. Rfd1 d3+ 21.
Kh2 dxc2 22. Bxc2 Qxc2 23. Qa3 Bb7 24. Rg1 Bxg2 25. Rbc1 Qf2 26. Rxg2 Qxf4+
{White resigns} 0-1

[Event "Team 45 45 League T51"]
[Site "Internet Chess Club"]
[Date "2011.12.20"]
[Round "6"]
[White "IanT"]
[Black "houseofcook"]
[Result "0-1"]
[WhiteElo "1417"]
[BlackElo "1463"]
[Opening "French: exchange variation"]
[ECO "C01"]
[Time "01:30:21"]
[TimeControl "2700+45"]

1. e4 e6 2. d4 d5 3. exd5 exd5 4. c4 Bb4+ 5. Nc3 Ne7 6. Nf3 O-O 7. Be3 Bg4 8.
Be2 dxc4 9. Bxc4 Nd5 10. O-O Bxc3 11. Bxd5 Qxd5 12. bxc3 Nd7 13. h3 Bh5 14. Qe2
Nb6 15. Rac1 Nc4 16. Rfe1 f6 17. Bf4 Rfe8 18. Qd3 Bg6 19. Qd1 Rxe1+ 20. Qxe1 Re8
21. Qf1 c6 22. Re1 Re6 23. Rxe6 Qxe6 24. Qe1 Qxe1+ 25. Nxe1 b5 26. Kf1 Bb1 27.
Bb8 a6 28. Ke2 Bxa2 29. Nd3 a5 30. Nc1 Bb1 31. Ba7 a4 32. Bc5 a3 33. Nb3 a2 34.
Kd1 Na5 35. Na1 Kf7 36. Kc1 Nc4 37. Nb3 Ke6 38. Kd1 Kf5 39. Ke2 h5 40. Bf8 g6
41. f3 Ke6 42. Kf2 f5 43. Kg3 Nd2 44. Na1 Kd5 45. Kf4 Kc4 46. Kg5 Nb3 47. Ba3
Kxc3 48. Kxg6 Nxa1 49. Be7 Nb3 50. Bf6 Nxd4 51. Bxd4+ Kxd4 52. Kxh5 a1=Q 53. Kg5
Qa8 54. h4 Qg8+ 55. Kh6 Qxg2 56. h5 Ke3 57. Kh7 f4+ 58. Kh8 Qxf3 59. h6 Qg3 60.
h7 Bxh7 61. Kxh7 c5 62. Kh6 c4 63. Kh7 c3 64. Kh6 c2 65. Kh7 c1=Q 66. Kh6 Qh1#
{White checkmated} 0-1

[Event "Team 45 45 League T51"]
[Site "Internet Chess Club"]
[Date "2011.12.18"]
[Round "6"]
[White "dabodhi"]
[Black "lawth3"]
[Result "0-1"]
[WhiteElo "1195"]
[BlackElo "1192"]
[Opening "Caro-Kann: two knights variation"]
[ECO "B11"]
[Time "13:00:20"]
[TimeControl "2700+45"]

1. e4 c6 2. Nc3 d5 3. Nf3 dxe4 4. Nxe4 Bf5 5. Ng3 Bg6 6. Ne5 Qd6 7. Nxg6 Qe6+ 8.
Be2 Qxg6 9. O-O Nf6 10. d4 Nd5 11. Bh5 Qd6 12. Re1 g6 13. Ne4 Qc7 14. Bf3 Nd7
15. Ng5 Bh6 16. Bxd5 Bxg5 17. Bxg5 f6 18. Rxe7+ Kxe7 19. Qe2+ Kd8 20. Qe6 fxg5
21. Re1 cxd5 22. Qe7+ Kc8 23. Qg7 Qd8 24. Re7 Re8 25. Rxe8 Qxe8 26. h3 Kc7 27.
Qxh7 Qe1+ 28. Kh2 Qxf2 29. Qxg6 Qf4+ 30. Kg1 Rf8 31. Qd3 g4 32. Qc3+ Kb8 33. h4
g3 34. Qd3 Qxh4 {White resigns} 0-1

[Event "Team 45 45 League T51"]
[Site "Internet Chess Club"]
[Date "2011.12.18"]
[Round "6"]
[White "Macovitski"]
[Black "bhandelman"]
[Result "0-1"]
[WhiteElo "1064"]
[BlackElo "1208"]
[Opening "Queen's pawn game"]
[ECO "D04"]
[Time "10:05:40"]
[TimeControl "2700+45"]

1. d4 d5 2. Nf3 Nf6 3. e3 Bf5 4. Nbd2 e6 5. Nh4 Bg4 6. f3 Bh5 7. Bd3 g5 8. g4
gxh4 9. gxh5 Nxh5 10. e4 Qg5 11. Rf1 Qg2 12. f4 Nf6 13. e5 Ng4 14. Nf3 Nxh2 15.
Rg1 Qxf3 16. Be2 Qe4 17. Kf2 Nc6 18. Re1 Qxd4+ 19. Kg2 Bc5 20. Kxh2 Qf2+ 21. Kh3
Qg3# {White checkmated} 0-1

[Event "Team 45 45 League T51"]
[Site "Internet Chess Club"]
[Date "2011.12.16"]
[Round "6"]
[White "medsurg"]
[Black "guyd52"]
[Result "0-1"]
[WhiteElo "1367"]
[BlackElo "1328"]
[Opening "King's Indian: 5.Nf3"]
[ECO "E90"]
[Time "19:00:41"]
[TimeControl "2700+45"]

1. d4 Nf6 2. c4 g6 3. Nc3 Bg7 4. Nf3 d6 5. e4 O-O 6. h3 Nbd7 7. Be3 b6 8. Be2
Bb7 9. Qc2 e5 10. dxe5 Nxe5 11. Nxe5 dxe5 12. Rd1 Qe7 13. O-O Rad8 14. Nd5 Nxd5
15. cxd5 Bc8 16. Bf3 Ba6 17. Rfe1 Bb7 18. Qa4 a6 19. Rc1 Rd6 20. Bd2 a5 21. b4
Qd7 22. Qc2 Rc8 23. Bg4 f5 24. exf5 h5 25. f6 hxg4 26. fxg7 gxh3 27. Rxe5 Rxd5
28. Qxg6 {White resigns} 0-1

[Event "Team 45 45 League T51"]
[Site "Internet Chess Club"]
[Date "2011.12.18"]
[Round "6"]
[White "wekabird"]
[Black "tamky70"]
[Result "0-1"]
[WhiteElo "1214"]
[BlackElo "1375"]
[Opening "English opening"]
[ECO "A16"]
[Time "19:00:20"]
[TimeControl "2700+45"]

1. c4 Nf6 2. Nc3 g6 3. e4 d6 4. d3 Bg7 5. h3 Nc6 6. Nf3 O-O 7. g3 e5 8. Bg2 Be6
9. O-O Qd7 10. Kh2 h6 11. Be3 Kh7 12. Nd5 Ne7 13. Qc1 Neg8 14. Nxf6+ Bxf6 15.
Rd1 c5 16. Rb1 Bg7 17. b4 b6 18. bxc5 bxc5 19. Rd2 Rfb8 20. Rdb2 Rxb2 21. Rxb2
Qc7 22. Qb1 Bc8 23. Qc1 Rb8 24. Rxb8 Qxb8 25. Nd2 Ne7 26. Nb3 Nc6 27. Qd2 Qb4
28. Qc1 Nd4 29. Nxd4 exd4 30. Bd2 Qa4 31. Qb1 Qd7 32. Qb5 a6 33. Qb6 Bf6 34. Bf4
Be5 35. Bxe5 dxe5 36. Qf6 Qe6 37. Qd8 Qd7 38. Qf6 Qe6 39. Qf3 Qe7 40. h4 h5 41.
Bh3 Be6 42. Bxe6 Qxe6 43. a4 Kg7 44. Qd1 Qb6 45. Qd2 a5 46. f4 Qb4 47. Qd1 exf4
48. gxf4 Qb8 49. e5 Qc8 50. Qe2 Qe6 51. Qg2 Qf5 52. Qf3 Qe6 53. Qb7 Qg4 54. Qg2
Qxf4+ 55. Qg3 Qd2+ 56. Kh3 Qe2 57. e6 Qxe6+ 58. Kh2 Qe2+ 59. Kh3 Qe3 60. Qxe3
dxe3 61. Kg2 Kf6 62. Kf3 Ke5 63. Kxe3 f6 64. Kf3 Kd4 65. Ke2 g5 66. hxg5 fxg5
67. Kd2 h4 68. Ke2 g4 69. Kf2 Kxd3 70. Kg2 Kxc4 71. Kf2 Kd4 {White resigns} 0-1

[Event "Team 45 45 League T51"]
[Site "Internet Chess Club"]
[Date "2011.12.18"]
[Round "6"]
[White "theartist"]
[Black "carolinaknight"]
[Result "1/2-1/2"]
[WhiteElo "1234"]
[BlackElo "1219"]
[Opening "Queen's pawn: Franco-Indian (Keres) defense"]
[ECO "A40"]
[Time "15:01:57"]
[TimeControl "2700+45"]

1. d4 e6 2. c4 Bb4+ 3. Bd2 Qe7 4. a3 Bxd2+ 5. Nxd2 Nf6 6. e4 d6 7. Ngf3 O-O 8.
Be2 Bd7 9. O-O Nc6 10. Qc2 Nh5 11. g3 Nf6 12. Bd3 h6 13. b4 a6 14. Rac1 Nh7 15.
e5 Ng5 16. Rfe1 f6 17. exd6 cxd6 18. d5 Nxf3+ 19. Nxf3 Nd8 20. dxe6 Bc8 21. Nd4
b6 22. Be4 Ra7 23. Nc6 Nxc6 24. Bxc6 Rc7 25. Bd5 f5 26. Qe2 f4 27. Qg4 fxg3 28.
hxg3 Rf6 29. Rc3 Bb7 30. Bxb7 Rxb7 31. Rf3 Rxf3 32. Qxf3 Rb8 33. Qc6 Rb7 34. Qd5
Kh8 35. f4 Rb8 36. Qf5 Rf8 37. Qg6 Rf6 38. Qe4 g6 39. g4 Kg7 40. f5 gxf5 41.
gxf5 h5 42. Kf2 Kh6 43. Qf4+ Kh7 44. Qg5 Qg7 45. Qxg7+ Kxg7 46. Rg1+ Kh6 47.
Rg6+ Rxg6 48. fxg6 Kxg6 49. e7 Kf7 50. e8=Q+ Kxe8 51. Kg3 Kd7 52. Kh4 Kc6 53.
Kxh5 b5 54. Kg4 bxc4 55. Kf3 Kb5 56. Ke4 d5+ 57. Kd4 a5 58. bxa5 Kxa5 59. Kc3
Ka4 60. Kb2 d4 61. Ka2 c3 62. Kb1 Kxa3 63. Kc2 d3+ 64. Kxc3 {Game drawn by
mutual agreement} 1/2-1/2

[Event "Team 45 45 League T51"]
[Site "Internet Chess Club"]
[Date "2011.12.19"]
[Round "6"]
[White "WilmaP"]
[Black "wildangels"]
[Result "1-0"]
[WhiteElo "1039"]
[BlackElo "909"]
[Opening "French defense"]
[ECO "C00"]
[Time "09:02:35"]
[TimeControl "2700+45"]

1. e4 e6 2. Nf3 d5 3. e5 Nc6 4. Bb5 Ne7 5. d4 g6 6. O-O Bg7 7. c3 O-O 8. Bg5 Bd7
9. Bd3 Qc8 10. Qd2 f5 11. Bh6 Kf7 12. Qg5 Rg8 13. Bxg7 Rxg7 14. Qf6+ Kg8 15. h4
h6 16. Nbd2 Rf7 17. h5 Rxf6 18. exf6 Qf8 19. fxe7 Nxe7 20. Ne5 Rd8 21. hxg6 f4
22. g3 f3 23. Ndxf3 Be8 24. Kg2 Bxg6 25. Bxg6 Nxg6 26. Nxg6 Qf7 27. Nge5 Qh7 28.
Rh1 Rf8 29. Ng5 Qf5 30. Nxe6 Qxf2+ 31. Kh3 Qf5+ 32. Kg2 Qxe6 33. Raf1 c5 34.
Rxf8+ Kxf8 35. Rf1+ Ke7 36. Rf7+ Qxf7 37. Nxf7 Kxf7 38. dxc5 Kg6 39. Kf3 Kf5 40.
g4+ Ke5 41. b4 Ke6 42. Kf4 Kd7 43. Ke5 Kc6 44. Kf6 Kb5 45. Kg6 Kc4 46. Kxh6 Kxc3
47. g5 d4 48. g6 d3 49. g7 d2 50. g8=Q d1=Q 51. Qg7+ Kxb4 52. Qxb7+ Kxc5 53.
Qxa7+ Kd5 54. Qd7+ Kc4 55. Qxd1 Kb4 56. Qc2 Ka3 57. Qb3# {Black checkmated} 1-0

[Event "Team 45 45 League T51"]
[Site "Internet Chess Club"]
[Date "2011.12.19"]
[Round "6"]
[White "jotap"]
[Black "zap2"]
[Result "0-1"]
[WhiteElo "1639"]
[BlackElo "1804"]
[Opening "Caro-Kann: advance variation"]
[ECO "B12"]
[Time "05:24:56"]
[TimeControl "2700+45"]

1. e4 c6 2. d4 d5 3. e5 Bf5 4. Nf3 e6 5. Bd3 Ne7 6. O-O Nd7 7. Bg5 Bxd3 8. Qxd3
Qc7 9. Nbd2 c5 10. c3 Nc6 11. a3 c4 12. Qc2 b5 13. b4 cxb3 14. Nxb3 h6 15. Bh4
Be7 16. Bg3 O-O 17. Nfd2 a5 18. f4 a4 19. Nc1 Nxd4 20. Qd3 Nf5 21. Ne2 Nxg3 22.
hxg3 Bxa3 23. Rxa3 Qc5+ 24. Nd4 Qxa3 25. Nxb5 Qc5+ 26. Nd4 Rfc8 27. Rc1 Nb8 28.
Kh2 a3 29. N2b3 Qc4 30. Qd2 a2 31. Na1 Nc6 32. Ndc2 Ne7 33. Ne3 Qb5 34. Nec2 Qb2
35. Kh3 Qxc3 36. Qd1 Nf5 37. Qf3 Qxf3 38. gxf3 Ne3 39. g4 Rxc2 40. Nxc2 Nxc2
{White resigns} 0-1

[Event "Team 45 45 League T51"]
[Site "Internet Chess Club"]
[Date "2011.12.15"]
[Round "6"]
[White "Kheeljoi"]
[Black "celebrat"]
[Result "1-0"]
[WhiteElo "1809"]
[BlackElo "1506"]
[Opening "French: advance, Nimzovich system"]
[ECO "C02"]
[Time "22:04:20"]
[TimeControl "2700+45"]

1. e4 e6 2. d4 d5 3. e5 c5 4. Nf3 Nc6 5. Nc3 cxd4 6. Nb5 Qb6 7. Nbxd4 Bc5 8. c3
Nge7 9. Bd3 Nxd4 10. cxd4 Bb4+ 11. Bd2 Nc6 12. Bxb4 Qxb4+ 13. Qd2 O-O 14. Qxb4
Nxb4 15. Bb1 Bd7 16. a3 Nc6 17. Bd3 f6 18. Ke2 Rac8 19. Rac1 Na5 20. Nd2 b5 21.
f4 Nc4 22. Rc2 fxe5 23. fxe5 Rf4 24. Nf3 Rcf8 25. Rhc1 h6 26. b3 Nxa3 27. Rc7
Be8 28. Rxa7 b4 29. Rcc7 R8f7 30. Rxf7 Rxf7 31. Ra8 Kf8 32. Bg6 Re7 33. Nh4 Nb5
34. Bh5 Nxd4+ 35. Kd3 Nc6 36. Ng6+ {Black resigns} 1-0

[Event "Team 45 45 League T51"]
[Site "Internet Chess Club"]
[Date "2011.12.17"]
[Round "6"]
[White "Timotheous"]
[Black "mongmong"]
[Result "1-0"]
[WhiteElo "1706"]
[BlackElo "1605"]
[Opening "English: Romanishin gambit"]
[ECO "A13"]
[Time "11:09:56"]
[TimeControl "2700+45"]

1. Nf3 e6 2. c4 Nf6 3. g3 a6 4. Bg2 b5 5. cxb5 axb5 6. Nd4 c6 7. Nxb5 cxb5 8.
Bxa8 d5 9. Qc2 Bd7 10. O-O Qa5 11. Bb7 Qd8 12. d3 Be7 13. Bf4 O-O 14. Rc1 Qb6
15. Qc7 Bd8 {Black resigns} 1-0

[Event "Team 45 45 League T51"]
[Site "Internet Chess Club"]
[Date "2011.12.17"]
[Round "6"]
[White "seattleblues"]
[Black "Lee-D"]
[Result "1-0"]
[WhiteElo "1466"]
[BlackElo "1374"]
[Opening "Caro-Kann: Panov-Botvinnik attack"]
[ECO "B13"]
[Time "22:02:53"]
[TimeControl "2700+45"]

1. e4 c6 2. d4 d5 3. exd5 cxd5 4. c4 dxc4 5. Bxc4 e6 6. Nf3 Nf6 7. Nc3 Be7 8.
O-O O-O 9. Re1 Nc6 10. Bg5 Bd7 11. Ne5 Rc8 12. Bb3 Nb4 13. Nxd7 Nxd7 14. Bxe7
Qxe7 15. d5 Nc5 16. dxe6 Nxe6 17. a3 Rcd8 18. Qf3 Nd3 19. Nd5 Rxd5 20. Bxd5 Nxe1
21. Rxe1 b6 22. Qb3 Re8 23. g3 Qd7 24. Bc4 Qd6 25. Bb5 Re7 26. Rd1 Qe5 27. Qf3
Qxb5 28. Qa8+ Nf8 29. Rd8 Re1+ 30. Kg2 Qf1+ 31. Kf3 Qh1+ 32. Kg4 Re4+ 33. f4 h5+
34. Kf5 g6+ 35. Kg5 Kg7 36. Rxf8 f6+ 37. Rxf6 Re5+ 38. fxe5 Qxa8 39. Rxg6+ Kf7
40. e6+ Ke7 41. Kxh5 Qd5+ 42. Kh6 Qd2+ 43. Kg7 Qxb2+ 44. Kg8 Qxa3 45. h4 a5 46.
h5 Qf3 47. Rg7+ Kf6 48. Rf7+ Kxe6 49. Rxf3 Kd6 50. h6 Kc5 51. h7 b5 52. h8=Q Kb4
{Black resigns} 1-0

[Event "Team 45 45 League T51"]
[Site "Internet Chess Club"]
[Date "2011.12.17"]
[Round "6"]
[White "IceBox"]
[Black "cBishop"]
[Result "1-0"]
[WhiteElo "1807"]
[BlackElo "1684"]
[Opening "QGD Slav defense: exchange variation"]
[ECO "D13"]
[Time "10:00:36"]
[TimeControl "2700+45"]

1. d4 d5 2. c4 c6 3. cxd5 cxd5 4. Nc3 Nf6 5. Nf3 e6 6. Bf4 Nc6 7. e3 a6 8. Bd3
Bd7 9. Ne5 Qb6 10. a3 Qa7 11. Rc1 Rc8 12. O-O b5 13. b4 Be7 14. Bb1 Qb6 15. Qd3
Na7 16. Na2 Bc6 17. Nxc6 Rxc6 18. Rxc6 Qxc6 19. Rc1 Qa8 20. Rc7 Bd8 21. Rc1 Qb7
22. Bd6 Ne4 23. Bc5 Nc6 24. f3 Nf6 25. Nc3 Ne7 26. e4 dxe4 27. Nxe4 Nxe4 28.
fxe4 O-O 29. Rf1 Bb6 30. Qf3 Bxc5 31. bxc5 Ng6 32. Ba2 a5 33. d5 exd5 34. exd5
Ne5 35. Qc3 Nc4 36. Bxc4 bxc4 37. Qxc4 Re8 38. c6 Qb2 39. d6 Re6 40. c7 h5 41.
c8=Q+ Kh7 42. Q8xe6 fxe6 43. Qd3+ Kh6 44. d7 Qb6+ 45. Kh1 Qd8 46. Qd6 {Black
resigns} 1-0

[Event "Team 45 45 League T51"]
[Site "Internet Chess Club"]
[Date "2011.12.17"]
[Round "6"]
[White "GrandUnified"]
[Black "calily"]
[Result "0-1"]
[WhiteElo "1644"]
[BlackElo "1720"]
[Opening "QGD semi-Slav: 5...Nd7"]
[ECO "D45"]
[Time "10:16:01"]
[TimeControl "2700+45"]

1. d4 Nf6 2. Nf3 d5 3. c4 c6 4. Nc3 e6 5. e3 Nbd7 6. Be2 Be7 7. b3 O-O 8. O-O
Qc7 9. c5 e5 10. b4 e4 11. Ne1 a6 12. Bb2 Re8 13. a4 Nf8 14. b5 axb5 15. axb5
Rxa1 16. Qxa1 Bg4 17. f3 exf3 18. Nxf3 Ng6 19. Nd1 Ne4 20. Nf2 Bxf3 21. Bxf3 Nd2
22. Re1 Nxf3+ 23. gxf3 Nh4 24. Qd1 Ra8 25. b6 Qd7 26. Ng4 Qf5 27. Rf1 Ra2 28.
Bc3 h5 29. Ne5 Qg5+ 30. Kh1 Qg2# {White checkmated} 0-1